AoeStats
← HR nomadplayer

Pilgrims

507203442Analyzed
4v4 RM · 14d ago on Sep 17, 2026· 49m 40s· 8 players
Game mode
Random Map
Map size
Large (8 player)
Population
200
Speed
Normal
Resources
Standard
Victory
Conquest
Starting age
Dark Age
Ending age
Imperial Age
RankedLock teamsTeams togetherTeam positionsShared explorationLock speedFull tech treeHidden civsTurbo modeCheats
Victory
Defeat
🇨🇱 Tupi · Chile
1992
+8
🇵🇪 Vietnamese · Peru
1943
+10
🇨🇱 Armenians · Chile
1918
+11
🇨🇱 Mongols · Chile
1805
+15
🇺🇸 Burmese · United States
1845
-13
🇻🇳 Maya · Vietnam
1794
-11
🇻🇳 Khmer · Vietnam
1785
-10
🇻🇳 Wu · Vietnam
1783
-10
ToBe
10:27 Feudal Age
14:44 Castle Age
12:55 Double-Bit Axe
13:15 Scale Mail Armor
14:03 Fishing Lines
14:27 Horse Collar
14:55 Gold Mining
15:06 Loom
15:43 Chain Mail Armor
15:21 Gillnets
17:26 Forging
31:33 Bow Saw
37:54 Caravan
38:27 Stone Mining
38:39 Heavy Plow
39:19 Town Watch
40:10 Wheelbarrow
47:18 Imperial Age
45:26 Iron Casting
45:57 Squires
45:43 Arson
48:31 Plate Mail Armor
49:22 Hand Cart
50:09 Two-Man Saw
NaiLiu
5:45 Loom
8:30 Feudal Age
9:43 Town Watch
22:39 Castle Age
24:05 Medium Warships
32:06 Caravan
32:26 Fishing Lines
33:30 Gillnets
38:35 Wheelbarrow
38:13 Careening
38:13 Clinker Construction
39:07 Horse Collar
39:20 Gold Mining
40:59 Bloodlines
40:49 Husbandry
44:33 Imperial Age
42:28 Scale Barding Armor
42:34 Forging
43:53 Gold Shaft Mining
44:12 Chain Barding Armor
44:42 Iron Casting
45:43 Heavy Warships
45:54 Plate Barding Armor
45:57 Iron Casting
45:40 Elite Battle Elephant
47:07 Howdah
Seohyun de thuong lam ne`
9:40 Feudal Age
14:00 Castle Age
12:39 Double-Bit Axe
13:12 Loom
14:29 Fishing Lines
15:20 Bow Saw
16:25 Gillnets
21:29 Imperial Age
19:44 Gold Mining
20:58 Medium Warships
26:29 Wheelbarrow
26:34 Heavy Warships
28:07 Fletching
28:57 Bodkin Arrow
30:59 Forging
32:08 Horse Collar
33:22 Bracer
34:25 Heavy Scorpion
36:03 Ballistics
36:34 Heavy Plow
37:01 Clinker Construction
37:02 Careening
43:22 Hand Cart
43:44 Gold Shaft Mining
DL-Empty
10:51 Feudal Age
14:33 Castle Age
12:56 Loom
13:02 Fletching
12:58 Double-Bit Axe
14:29 Fishing Lines
15:46 Bodkin Arrow
16:01 Bow Saw
16:00 Gold Mining
16:06 Gillnets
18:12 Padded Archer Armor
25:25 Horse Collar
26:21 Wheelbarrow
25:46 Town Watch
26:45 Wheelbarrow
28:46 Leather Archer Armor
35:38 Imperial Age
33:37 Scale Mail Armor
33:47 Forging
33:31 Eagle Warrior
34:12 Squires
33:57 Arson
35:21 Chain Mail Armor
35:08 Squires
36:45 Iron Casting
37:30 Plate Mail Armor
38:27 Two-Man Saw
38:37 Elite Eagle Warrior
41:34 Blast Furnace
46:29 Holcans
[CL] FelipeBesitosRicos
8:54 Loom
11:10 Feudal Age
15:19 Castle Age
14:10 Double-Bit Axe
18:36 Fletching
20:12 Bodkin Arrow
31:53 Padded Archer Armor
34:07 Wheelbarrow
35:00 Town Watch
35:45 Hand Cart
44:42 Imperial Age
44:09 Scale Mail Armor
44:19 Forging
44:25 Squires
46:42 Bracer
48:15 Conscription
49:15 Elite Ibirapema Warrior
[CL] el castigador
3:24 Loom
10:48 Feudal Age
11:51 Town Watch
14:43 Castle Age
13:28 Fletching
13:25 Double-Bit Axe
13:21 Horse Collar
13:33 Gold Mining
14:50 Padded Archer Armor
15:33 Bodkin Arrow
15:51 Bow Saw
18:40 Ballistics
22:25 Wheelbarrow
22:58 Masonry
23:33 Leather Archer Armor
26:37 Stone Mining
33:29 Imperial Age
34:14 Bracer
35:16 Chemistry
34:48 Ring Archer Armor
35:39 Conscription
34:40 Elite Composite Bowman
37:18 Chemistry
39:17 Capped Ram
42:39 Coinage
43:26 Medium Warships
42:58 Fishing Lines
43:32 Careening
43:33 Clinker Construction
44:34 Heavy Warships
45:30 Dry Dock
45:30 Carvel Hull
48:00 Forging
50:24 Ring Archer Armor
HR nomadplayer
5:30 Loom
11:03 Feudal Age
15:27 Castle Age
13:26 Double-Bit Axe
16:22 Medium Warships
18:31 Bow Saw
19:14 Forging
22:53 Horse Collar
27:48 Heavy Plow
30:01 Wheelbarrow
34:25 Imperial Age
32:38 Town Watch
32:56 Fletching
33:36 Bodkin Arrow
34:20 Padded Archer Armor
34:34 Bloodlines
35:06 Bracer
35:13 Thumb Ring
35:40 Hand Cart
36:27 Parthian Tactics
37:16 Elite Mangudai
38:18 Conscription
38:52 Drill
37:56 Capped Ram
39:18 Siege Ram
42:38 Chemistry
42:02 Ballistics
42:35 Leather Archer Armor
45:18 Coinage
46:55 Hoardings
[CL] Rey Enigmaaa
3:36 Loom
10:15 Feudal Age
16:46 Castle Age
15:38 Double-Bit Axe
16:50 Gold Mining
17:16 Fletching
17:27 Town Watch
40:16 Bodkin Arrow
48:45 Wheelbarrow
Connection lost

Rejoining the realm…

Still unreachable

The connection could not be restored.

Session expired

The server has moved on; the page needs a fresh start.